Match 38097073
Unlisted

Match 38097073
End
Construct Barracks
Selects Airborne Battlegroup
Selects Heavy Machine Gun Paradrop
Heavy Machine Gun Paradrop
Riflemen Squad
Riflemen Squad
Grenade Package
Selects Paratrooper Squad Paradrop
Paratrooper Squad Paradrop
Heavy Machine Gun Paradrop
Selects Recon Loiter
Recon Loiter
Paratrooper Squad Paradrop
Selects Supply Drop
Paratrooper Squad Paradrop
Recon Loiter
Supply Drop
Riflemen Squad
Infantry Support Center
Recon Loiter
Construct Tank Depot
Recon Loiter
Supply Drop
Recon Loiter
M4(105) Sherman Bulldozer
Heavy Machine Gun Paradrop
kocaman08
GunXTZeR
Martial Law Commander
Yoon Suk-yeol
Disarmed
Unsafe
[BNDA] CroSS95
Aprosarmosto
0
0

Comments sign in to comment!

No comments posted yet!